Cogmind - Beta 17 @@@ ROGUE MODE // 2026.07.05 @ 14:13:17 Player: Cracklepappy Result: Destroyed by 6D-3O4(E) with Overtuned Barrage Gun Performance ------------- Evolutions (0) 0 Regions Visited (4) 800 Robots Destroyed (71) 355 Value Destroyed (1928) 1928 Prototype IDs (31) 620 Alien Tech Used (0) 0 Bonus (9410) 9410 TOTAL SCORE: 13113 Bonus ------- High Alert Combat Kills 24 Follower Combat Kills 1043 Prayed to X0-1V1 5000 Major X0-1V1 Interference 3500 Registered with UFD 300 Friendly Fire -457 Cogmind --------- Core Integrity 0/280 Matter 145/300 Energy 100/100 System Corruption 1% Temperature Cool (0) Movement Flying (680) Ox8 Location -8/Scraptown Parts ------- > --- POWER (2) -------- (None) > --- PROPULSION (2) --- Armored Wheel Cesium-ion Thruster > --- UTILITY (2) ------ High-capacity Storage Unit Self-contained Transmogrifier > --- WEAPON (1) ------- Axe > --- INVENTORY (20) --- Flightbrick Deep Structural Scanner Peak State ------------ > --- POWER ------------ Light Nuclear Core F-cell Engine > --- PROPULSION ------- Advanced Treads > --- UTILITY ---------- Huge Storage Unit Shock Absorption System X0-1V1's Piety Tracker > --- WEAPON ----------- Heavy Assault Rifle Heavy Assault Rifle Autogun > --- INVENTORY -------- Light Treads Flight Unit Cesium-ion Thruster Cesium-ion Thruster Cesium-ion Thruster Flightbrick Power Amplifier Advanced Weight Redist. System High-powered Tractor Beam Cobbler Unit Self-contained Transmogrifier Autogun Autogun Autogun Minigun Minigun Flail Axe Makeshift Sword [Rating: 45] Favorites ----------- Power F-cell Engine Engine F-cell Engine Power Core Light Nuclear Core Propulsion Light Treads Treads Light Treads Wheel Armored Wheel Flight Unit Cesium-ion Thruster Utility Huge Storage Unit Device X0-1V1's Piety Tracker Storage Huge Storage Unit Hackware Makeshift Hacking Suite Weapon Autogun Energy Gun EM Pulse Gun Ballistic Gun Autogun Ballistic Cannon Assault Cannon Launcher Subdweller Shrapnel Launcher Special Weapon Mining Laser Slashing Weapon Makeshift Sword Special Melee Weapon Improved Datajack Build | -11 -10 -10 -8 -8 ------- Run | Yrd Mat Sub Rec Scr Slots Evolved . | . . . . . Power . | . . . . . Propulsion . | . . . . . Utility . | . . . . . Weapon . | . . . . . Parts Attached 68 | 4 14 18 14 18 Power 8 | . 3 2 2 1 Engine 5 | . 3 1 1 . Core 3 | . . 1 1 1 Reactor . | . . . . . Propulsion 15 | 2 2 2 6 3 Treads 8 | 2 . 1 5 . Leg . | . . . . . Wheel 6 | . 2 1 1 2 Hover . | . . . . . Flight 1 | . . . . 1 Utility 15 | 1 5 . 1 8 Device 11 | 1 3 . 1 6 Storage 3 | . 2 . . 1 Processor . | . . . . . Hackware 1 | . . . . 1 Protection . | . . . . . Artifact . | . . . . . Weapon 30 | 1 4 14 5 6 Energy Gun 5 | . 3 2 . . Energy Cannon . | . . . . . Ballistic Gun 16 | 1 . 8 4 3 Ballistic Cannon 4 | . 1 2 1 . Launcher 1 | . . . . 1 Special Weapon 1 | . . 1 . . Impact Weapon . | . . . . . Slashing Weapon 2 | . . 1 . 1 Piercing Weapon . | . . . . . Special Melee Weapon 1 | . . . . 1 Unidentified Prototypes 2 | . 1 . . 1 Parts Lost 23 | . . 10 8 5 Power 4 | . . 1 2 1 Propulsion 7 | . . 2 4 1 Utility 3 | . . . 1 2 Weapon 9 | . . 7 1 1 Highest Loss Streak 7 | . . 5 7 4 To Critical Strikes . | . . . . . Average Backups 16 | 4 13 22 20 14 Power . | . . . . . Propulsion 3 | . 4 6 5 2 Utility 4 | . 2 7 3 4 Weapon 6 | 2 4 8 9 6 Tool/Special . | . . . . . Unused Backups 61 | 1 4 12 9 35 Power 4 | 1 . . . 3 Propulsion 8 | . . 4 . 4 Utility 26 | . 2 6 4 14 Weapon 23 | . 2 2 5 14 Tool/Special . | . . . . . Average Slot Usage (%) 93 | . 97 99 90 92 Engine 11 | . 13 10 7 13 Core 10 | . . 3 12 13 Treads 16 | . 11 2 25 16 Wheel 11 | . 16 25 . 11 Device 13 | . 18 14 12 13 Storage 10 | . 8 14 13 9 Energy Gun 2 | . 12 7 . . Ballistic Gun 11 | . 7 18 13 9 Ballistic Cannon 1 | . 6 1 4 . Special Melee Weapon 1 | . . . . 3 Peak Build Rating 45 | 4 24 35 45 42 Average Rating 28 | 2 9 27 33 30 On Entrance 20 | . 4 24 32 42 Avg Prop Armor Cover (%) 17 | 31 21 12 . 13 Naked Turns . | . . . . . Heaviest Build 110 | 3 91 94 110 108 Greatest Support 42 | 3 24 40 42 42 Greatest Overweight (x) 10 | . 3 7 10 4 Average Overweight (x) 2 | . 1 3 2 2 Largest Inventory Capacity 25 | 5 25 25 25 25 Average Capacity 20 | 5 16 25 25 17 Most Carried 25 | 5 25 25 25 25 Average Carried 19 | 4 13 24 24 16 Final Capacity 25 | 5 25 25 25 20 Final Carried 25 | 5 25 23 25 5 Class Distribution -------------------- 65% | Mutant 11% | Derelict-Mutant 10% | Commander-Mutant 5% | Scavenger-Mutant 4% | Scavenger-Gunner Dominant Class ---------------- Mutant | -10/Materials Mutant | -10/Subcaves Commander-Mutant | -8/Recycling Mutant | -8/Scraptown Resources | -11 -10 -10 -8 -8 ----------- Run | Yrd Mat Sub Rec Scr Matter Collected 2719 | 339 509 541 479 851 Remotely . | . . . . . Salvage Created 2582 | 165 792 536 696 393 Parts 142 | 15 46 31 31 19 Haulers Intercepted 2 | . 2 . . . Recyclers Shooed 2 | 1 . . 1 . Parts Field Recycled 70 | . . . . 70 Retrieved Matter 705 | . . . . 705 Parts Self-Destructed 12 | . . 12 . . Prevented . | . . . . . Parts Restored . | . . . . . Kills | -11 -10 -10 -8 -8 ------- Run | Yrd Mat Sub Rec Scr Combat Hostiles Destroyed 51 | . 17 12 13 9 Guns 32 | . 11 11 10 . Cannons 9 | . 5 1 3 . AOE 10 | . 1 . . 9 Classes Destroyed 21 | 2 7 4 4 4 Worker 1 | . 1 . . . Builder 1 | . 1 . . . Tunneler 5 | 5 . . . . Hauler 2 | . 2 . . . Recycler 4 | 1 1 . 2 . Operator 2 | . 2 . . . Turret 1 | . . 1 . . Watcher 3 | . 3 . . . Swarmer 10 | . 6 1 3 . Grunt 19 | . 11 2 6 . Brawler 2 | . . . 2 . Protector 1 | . . . 1 . Sentry 1 | . . . 1 . Programmer 1 | . . . 1 . Artisan 1 | . . 1 . . Cobbler 1 | . . 1 . . Subdweller 9 | . . 9 . . Bolteater 2 | . . . . 2 Explorer 1 | . . . . 1 Guru 2 | . . . . 2 Scrapper 4 | . . . . 4 Best Kill Streak 6 | 3 4 2 5 6 Combat Bots Only 6 | . 4 2 5 6 Max Kills in Single Turn 2 | 1 2 1 1 2 Gunslinging . | . . . . . Exploded 2 | . 1 . . 2 Melee . | . . . . . Uniques/NPCs Destroyed 1 | . . . . 1 Triborg (-8/Scraptown) Combat | -11 -10 -10 -8 -8 -------- Run | Yrd Mat Sub Rec Scr Hostile Shots Fired 380 | . 53 165 107 55 Missed 107 | . 13 53 28 13 Hits 273 | . 40 112 79 42 Melee 1 | . . . 1 . Projectile 272 | . 40 112 78 42 Critical Strikes 13 | . 2 2 4 5 Damage Taken 3660 | . 484 1369 963 844 Core 667 | . 116 175 107 269 Absorbed by Shields 24 | . . . 20 4 Ignored by Resistances 222 | . . 80 86 56 Core Remaining (%) 100 | 100 . . . . Volleys Fired 233 | 33 62 67 55 16 Largest 3 | 1 2 2 3 1 Hottest 100 | 20 80 100 69 40 Shots Fired 364 | 33 108 130 77 16 Gun 301 | 33 87 119 60 2 Cannon 46 | . 21 8 17 . Launcher 14 | . . . . 14 Special 3 | . . 3 . . Kinetic 299 | 33 58 115 77 16 Thermal 3 | . . 3 . . Explosive . | . . . . . Electromagnetic 62 | . 50 12 . . Robot Hit Streak 16 | 4 9 16 11 5 Robot Miss Streak 7 | 2 7 2 2 1 Penetration Max . | . . . . . Secondary Targets 3 | . 1 1 1 . Max Gunslinging Chain 1 | . 1 1 1 . Shots Hit Robots 227 | 21 63 85 46 12 Core Hits 110 | 7 33 25 24 21 Critical Kills 1 | . . 1 . . Critical Parts Destroyed 2 | 1 . . . 1 Critical Strikes 11 | 1 5 3 1 1 Destroy 5 | 1 . 3 . 1 Blast 2 | . 1 . 1 . Corrupt 4 | . 4 . . . Melee Attacks 4 | . . 2 . 2 Impact . | . . . . . Slashing 2 | . . 2 . . Piercing . | . . . . . Sneak Attacks 4 | . . 2 . 2 Combat Hostiles . | . . . . . Follow-up Attacks . | . . . . . Damage Inflicted 5436 | 268 1216 1735 935 1282 Guns 3077 | 268 711 1473 597 28 Cannons 682 | . 273 112 297 . Explosions 1486 | . 232 . . 1254 Melee 150 | . . 150 . . Ramming 41 | . . . 41 . Kinetic 4424 | 268 540 1440 894 1282 Thermal 232 | . 232 . . . Explosive . | . . . . . Electromagnetic 589 | . 444 145 . . Impact . | . . . . . Slashing 150 | . . 150 . . Piercing . | . . . . . Highest Corruption 13 | . . 13 13 1 Average Corruption 1 | . . 13 1 1 Corruption Purged . | . . . . . Corruption Blocked . | . . . . . Effects 18 | . . . 17 1 Message Errors 3 | . . . 3 . Matter Fused 5 | . . . 5 . Heat Flow Errors 2 | . . . 2 . Energy Discharges 3 | . . . 2 1 Data Loss (minor) 1 | . . . 1 . Data Loss (major) 2 | . . . 2 . Misfires 1 | . . . 1 . Alerts 1 | . . . 1 . Overload Shots . | . . . . . Overflow Damage 153 | . 25 70 11 47 Projectiles 27 | . 16 . 11 . Explosions 56 | . 9 . . 47 Melee 70 | . . 70 . . Knockbacks 6 | . 2 2 2 . Impact . | . . . . . Kinetic 6 | . 2 2 2 . Secondary . | . . . . . Self-Inflicted Damage 111 | . 66 . . 45 Shots 3 | . 2 . . 1 Rammed 5 | . . . 5 . Targets Rammed 5 | . . . 5 . Kicked . | . . . . . Crushed . | . . . . . Highest Temperature 267 | . 200 12 267 75 Average Temperature 52 | . 48 6 83 27 Received Heat Transfer 1247 | . 198 357 397 295 Effects 1 | . . . 1 . Energy Bleed 1 | . . . 1 . Siege Activations . | . . . . . Martial Activations . | . . . . . Shielding Activations . | . . . . . Robots Disrupted . | . . . . . Combat Hostiles . | . . . . . Robots Corrupted . | . . . . . Combat Hostiles . | . . . . . Parts Fried 3 | . 3 . . . Impact Corruptions . | . . . . . Robots Melted . | . . . . . Combat Hostiles . | . . . . . Parts Melted 1 | . . . . 1 Heat Transferred 300 | . 300 . . . Parts Sabotaged . | . . . . . Parts Stolen . | . . . . . Parts Stripped . | . . . . . Power Chain Reactions 4 | . 4 . . . Alert | -11 -10 -10 -8 -8 ------- Run | Yrd Mat Sub Rec Scr Maximum Alert Level 2 | . 1 . 2 . Low Security (%) 60 | 100 79 . 50 . Level 1 29 | . 20 . 34 . Level 2 10 | . . . 15 . Level 3 . | . . . . . Level 4 . | . . . . . Level 5 . | . . . . . High Security . | . . . . . Max Security . | . . . . . Peak Influence 663 | 10 228 . 663 . Initial 226 | . . . 226 . Average 211 | 2 135 . 251 . Influence Increases 2566 | 30 672 556 1308 . Destroy 0b10 Robot/C 1020 | . 340 140 540 . Destroy 0b10 Robot/NC 110 | 30 50 . 30 . Destroy Leader 130 | . 100 10 20 . Allied During Kill 71 | . . 16 55 . Successful Hack 57 | . 20 . 37 . Select Force Hacks 150 | . 60 . 90 . Disable Machine 75 | . 60 . 15 . Destroy Structure 16 | . 12 . 4 . Partial Spotted 15 | . 15 . . . Lose Combat Pursuer 420 | . 15 390 15 . Miscellaneous 502 | . . . 502 . Influence Decreases 2566 | 30 463 293 1125 655 Entered New Map 1002 | . . 101 246 655 Time Decay 1394 | 30 463 162 739 . Lost Part 110 | . . 30 80 . Lost Ally 60 | . . . 60 . Squads Dispatched 8 | . 5 . 3 . Investigation 5 | . 3 . 2 . Extermination . | . . . . . Reinforcement 2 | . 2 . . . Assault 1 | . . . 1 . Garrison . | . . . . . Intercept . | . . . . . Searches Triggered . | . . . . . Construction Impeded . | . . . . . Haulers Reinforced . | . . . . . Active Scanning Responses . | . . . . . Cargo Convoy Interrupts . | . . . . . Stealth | -11 -10 -10 -8 -8 --------- Run | Yrd Mat Sub Rec Scr Distress Signals 1 | . 1 . . . Communications Jammed . | . . . . . Distress Signals . | . . . . . Times Spotted 121 | . 23 41 30 27 Peak Tracking Total 11 | . 4 5 6 11 Tactical Retreats 4 | . 1 2 1 . Traps | -11 -10 -10 -8 -8 ------- Run | Yrd Mat Sub Rec Scr Traps Triggered 2 | . 1 1 . . Indirectly . | . . . . . Trap Hack Attempts . | . . . . . Triggered . | . . . . . Disarmed . | . . . . . Reprogrammed . | . . . . . Reused . | . . . . . Traps Extracted . | . . . . . Installed . | . . . . . Triggered . | . . . . . Most Traps Carried 1 | . . . . 1 Machines | -11 -10 -10 -8 -8 ---------- Run | Yrd Mat Sub Rec Scr Machines Disabled 14 | . 4 4 1 5 Max in Single Turn 1 | . 1 1 . 1 Machines Repaired . | . . . . . Machines Dismantled . | . . . . . Machines Sabotaged . | . . . . . Overloaded Fab Kills . | . . . . . Hacking | -11 -10 -10 -8 -8 --------- Run | Yrd Mat Sub Rec Scr Machines Accessed 23 | . 7 2 9 5 Terminals 10 | . 5 . 5 . Fabricators . | . . . . . Repair Stations . | . . . . . Recycling Units 6 | . 2 . 4 . Scanalyzers . | . . . . . Garrison Access . | . . . . . Total Hacks 93 | . 17 4 33 39 Successful 66 | . 8 4 15 39 Failed 27 | . 9 . 18 . Catastrophic 7 | . 1 . 6 . Database Lockouts . | . . . . . Manual 39 | . 16 . 23 . Terminals 29 | . 13 . 16 . Fabricators . | . . . . . Repair Stations . | . . . . . Recycling Units 21 | . 4 . 17 . Scanalyzers . | . . . . . Garrison Access . | . . . . . Terminal Hacks 47 | . 2 4 2 39 Record 41 | . . 3 . 38 Part Schematic 1 | . . . 1 . Robot Analysis 1 | . 1 . . . Terminal Index 1 | . . . 1 . Locate Traps 1 | . 1 . . . Proto ID Catalog 2 | . . 1 . 1 Fabricator Hacks . | . . . . . Repair Station Hacks . | . . . . . Recycling Unit Hacks 2 | . . . 2 . Retrieve Components 2 | . . . 2 . Scanalyzer . | . . . . . Garrison Access Hacks . | . . . . . Unauthorized Hacks 17 | . 6 . 11 . Terminals 5 | . 4 . 1 . Botnet 1 | . . . 1 . Skim 4 | . 4 . . . Fabricators . | . . . . . Repair Stations . | . . . . . Recycling Units 12 | . 2 . 10 . Reject 4 | . . . 4 . Mask 3 | . . . 3 . Tunnel 5 | . 2 . 3 . Scanalyzers . | . . . . . Garrison Access . | . . . . . Data Cores Recovered 1 | . 1 . . . Used . | . . . . . Hacking Detections 14 | . 6 . 8 . Full Trace Events 5 | . 1 . 4 . Feedback Events . | . . . . . Feedback Blocked . | . . . . . Robot Schematics Acquired . | . . . . . Robots Built . | . . . . . Authchips . | . . . . . Time . | . . . . . Total Robot Build Rating . | . . . . . Part Schematics Acquired 1 | . . . 1 . Parts Built . | . . . . . Authchips . | . . . . . Time . | . . . . . Total Part Build Rating . | . . . . . Part Studies Acquired . | . . . . . Parts Repaired . | . . . . . Time . | . . . . . Parts Recycled . | . . . . . Recycled Matter . | . . . . . Retrieved Matter . | . . . . . Retrieved Components 15 | . . . 15 . Parts Scanalyzed . | . . . . . Part Schematics Acquired . | . . . . . Parts Damaged . | . . . . . Bothacking | -11 -10 -10 -8 -8 ------------ Run | Yrd Mat Sub Rec Scr Used RIF Installer . | . . . . . Robots Hacked 2 | . . . . 2 Non-combat . | . . . . . Combat 2 | . . . . 2 Robot Hacks Applied 2 | . . . . 2 parse_system 2 | . . . . 2 Relay Couplers Released . | . . . . . Fabnet Peak Effective % . | . . . . . Robots Rewired 4 | . . . 4 . Allies Hacked . | . . . . . Hacks Repelled . | . . . . . Allies | -11 -10 -10 -8 -8 -------- Run | Yrd Mat Sub Rec Scr Total Allies 10 | . . 4 4 2 Largest Group 4 | . . 4 4 3 Highest-Rated Group 489 | . . 20 84 489 Highest-Rated Ally 446 | . . 5 39 446 Total Orders . | . . . . . Ally Attacks 122 | . . 9 64 49 Total Damage 4542 | . . 42 994 3506 Kills 38 | . . 3 17 18 Allies Corrupted . | . . . . . Allies Melted 1 | . . . . 1 X0-1V1 Amusement Gains 104 | . 14 . 10 80 Good Acts 46 | . . 15 31 . Bad Acts 42 | . . 5 37 . Intel | -11 -10 -10 -8 -8 ------- Run | Yrd Mat Sub Rec Scr Active Infowar (turns) 1621 | 10 1611 . . . Seismic 1621 | 10 1611 . . . Robot Analysis Total 1 | . 1 . . . Derelict Logs Recovered 7 | . . 2 . 5 Drone Launches . | . . . . . Drone Recoveries . | . . . . . Exploration | -11 -10 -10 -8 -8 ------------- Run | Yrd Mat Sub Rec Scr Turns Passed 16396 | 126 1617 2128 3765 8760 Spaces Moved 8336 | 76 1481 1255 1079 4445 Core 932 | 76 856 . . . Treads 2536 | . . 34 1061 1441 Legs . | . . . . . Wheels 4868 | . 625 1221 18 3004 Hover . | . . . . . Flight . | . . . . . Fastest Speed 50 | 50 50 135 180 85 Average Speed 173 | 50 84 140 325 177 Slowest Speed 480 | 50 135 340 480 312 Overloaded Moves . | . . . . . Propulsion Burnouts . | . . . . . Robots Hopped . | . . . . . Potential Cave-ins . | . . . . . Cave-ins Triggered . | . . . . . Exploration Rate (%) 74 | 4 99 78 99 93 Regions Visited 4 Branch Regions 3 Pre-discovered Areas 12 | . 2 2 3 5 Known Exits Taken 2 | . . 1 1 . Unknown Exits Taken 2 | 1 1 . . . Scrap Searched 18 | . . 11 . 7 Spaces Dug . | . . . . . Terrain Destroyed 93 | . 11 . 3 79 Melee . | . . . . . Projectile 3 | . . . 3 . AOE 90 | . 11 . . 79 Terrain Rammed . | . . . . . Walls Destroyed . | . . . . . Machines Disabled . | . . . . . Actions | -11 -10 -10 -8 -8 --------- Run | Yrd Mat Sub Rec Scr Total 9971 | 128 1742 1482 1262 5357 Wait 966 | 9 137 89 . 731 Move 8332 | 75 1480 1254 1078 4445 Hop . | . . . . . Pick Up 127 | 6 30 22 18 51 Fast Attach 12 | 4 2 . 4 2 Attach 34 | . 2 11 8 13 Detach 3 | . . . . 3 Swap 53 | . 17 18 9 9 Drop 130 | 1 12 19 13 85 Fire 233 | 33 62 67 55 16 Melee 4 | . . 2 . 2 Ram . | . . . . . Kick . | . . . . . Crush 5 | . . . 5 . Escape Stasis . | . . . . . Rewire 72 | . . . 72 . Trap . | . . . . . Miscellaneous . | . . . . . Route ------- -11/Scrapyard -10/Materials (discovered 6 exits: [*Mat x3] / [*Min x2] / *Sub) -10/Subcaves (discovered 3 exits: [*Mat x2] / *Rec) -8/Recycling (discovered 2 exits: *Fac / *Scr) -8/Scraptown (discovered 2 exits: *Fac x2) History --------- Turn | Location | Event 6 | -11/Scrapyard | Discovered new exit (range 15) 127 | -11/Scrapyard | Entered Materials 300 | -10/Materials | Discovered new exit (range 5) 303 | -10/Materials | Build established: Mutant 669 | -10/Materials | Discovered new exit (range 15) 704 | -10/Materials | Discovered new exit (range 6) 744 | -10/Materials | Discovered new exit (range 12) 764 | -10/Materials | Discovered new exit (range 7) 1729 | -10/Materials | Discovered new exit (range 7) 1738 | -10/Materials | Prayed at D.C.S.S. Altar Unit 1744 | -10/Materials | Entered Subcaves 1744 | -10/Subcaves | Discovered new exit (range 11) 1845 | -10/Subcaves | TH resistance permanently improved by X0-1V1 (+10%; -100 max core) 1893 | -10/Subcaves | Shifting Twisted Machinery released Battle Cannon 1972 | -10/Subcaves | Shifting Twisted Machinery released Mak. Light Armor Plating 2002 | -10/Subcaves | A swath of the cavern ceiling suddenly collapsed 2340 | -10/Subcaves | Core integrity permanently improved by X0-1V1 (+200) 2450 | -10/Subcaves | Discovered new exit (range 14) 2459 | -10/Subcaves | Lost 5 parts (1p4w) 2545 | -10/Subcaves | Disturbed a concealed Subdweller 2546 | -10/Subcaves | Disturbed a concealed Subdweller 2671 | -10/Subcaves | Identified exit to Recycling 2671 | -10/Subcaves | X0-1V1 revealed exit location to -8/Recycling 2730 | -10/Subcaves | Shifting Twisted Machinery released Battle Cannon 2948 | -10/Subcaves | A swath of the cavern ceiling suddenly collapsed 3356 | -10/Subcaves | Ranged accuracy permanently improved by X0-1V1 (+7%; -70 max core) 3460 | -10/Subcaves | Visited Clippyterm 3464 | -10/Subcaves | Learned location of Deep Caves (-7) 3627 | -10/Subcaves | Visited 4L-MR0's lab 3636 | -10/Subcaves | Found Prototype Device 3648 | -10/Subcaves | Found Flightbrick 3697 | -10/Subcaves | X0-1V1 activates XOMVISION 3727 | -10/Subcaves | X0-1V1 sent you into danger 3754 | -10/Subcaves | X0-1V1 sent allied S-10 Pest (x4) 3774 | -10/Subcaves | Core integrity restored by X0-1V1 (+75) 3781 | -10/Subcaves | Lost 3 parts (1n2w) 3870 | -10/Subcaves | System corruption reached 10% 3872 | -10/Subcaves | Entered Recycling 3872 | -8/Recycling | Accompanied by 4 allies 3911 | -8/Recycling | Identified exit to Factory 3911 | -8/Recycling | X0-1V1 revealed exit location to -6/Factory 3933 | -8/Recycling | Lost 3 allies 3946 | -8/Recycling | X0-1V1 mutated your Weapon slot to Power slot 3961 | -8/Recycling | X0-1V1 rewrote S-10 Pest IFF filter 3975 | -8/Recycling | X0-1V1 added 0b10 threat records associated with you (considerable) 4016 | -8/Recycling | X0-1V1 sent you into danger 4041 | -8/Recycling | Identified exit to Scraptown 4041 | -8/Recycling | X0-1V1 revealed exit location to -8/Scraptown 4043 | -8/Recycling | X0-1V1 sent hostile G-34 Mercenary (x4) 4101 | -8/Recycling | Lost 7 parts (2p3n1u1w) 4161 | -8/Recycling | Core integrity restored by X0-1V1 (+58) 4510 | -8/Recycling | Build established: Commander-Mutant 5163 | -8/Recycling | X0-1V1 activates XOMVISION 5546 | -8/Recycling | Scanned before Scraplab entrance 6512 | -8/Recycling | Build established: Scavenger-Mutant 6817 | -8/Recycling | Core integrity restored by X0-1V1 (+70) 6852 | -8/Recycling | X0-1V1 rewrote Defender 3a IFF filter 6861 | -8/Recycling | X0-1V1 added 0b10 threat records associated with you (minor) 6922 | -8/Recycling | X0-1V1 mutated your Propulsion slot to Utility slot 6927 | -8/Recycling | X0-1V1 sent hostile Y-45 Defender (x1) 6943 | -8/Recycling | X0-1V1 vaporized surrounding terrain (radius 19) 6951 | -8/Recycling | Weapon slot count temporarily expanded by X0-1V1 (+2) 6974 | -8/Recycling | X0-1V1 activates XOMVISION 7049 | -8/Recycling | X0-1V1 rewrote Commando 3b IFF filter 7072 | -8/Recycling | X0-1V1 added 0b10 threat records associated with you (considerable) 7218 | -8/Recycling | X0-1V1 sent hostile B-36 Bruiser (x2) 7243 | -8/Recycling | X0-1V1 mutated your Utility slot to Propulsion slot 7363 | -8/Recycling | X0-1V1 sent hostile S-10 Pest (x3) 7548 | -8/Recycling | Build established: Scavenger-Gunner 7609 | -8/Recycling | Entered Scraplab 7637 | -8/Recycling | Entered Scraptown 7637 | -8/Scraptown | Accompanied by 2 allies 8096 | -8/Scraptown | Discovered exit to Factory (range 9) 8308 | -8/Scraptown | Build established: Mutant 8495 | -8/Scraptown | Visited Assassins FH 8558 | -8/Scraptown | Visited Fellowship of the Rings 8577 | -8/Scraptown | Visited Cyclists 8776 | -8/Scraptown | Visited CPS Storage 8839 | -8/Scraptown | Visited Shadow of the Wyrm 9261 | -8/Scraptown | Visited Awakened 9349 | -8/Scraptown | Visited UFD Registry 9349 | -8/Scraptown | Registered with UFD as "Phaselauncher" 9458 | -8/Scraptown | Visited Modified Component R&D 9530 | -8/Scraptown | Visited Junk Cannon Lab 9611 | -8/Scraptown | Visited Observation Area 9733 | -8/Scraptown | Visited Cartography Club 9767 | -8/Scraptown | Visited DA-N13 Charitable Foundation 9811 | -8/Scraptown | Visited Research Penetration Think Tank 9882 | -8/Scraptown | Visited Botcube Research 10232 | -8/Scraptown | Visited LU-1G1's Boring Crew 10350 | -8/Scraptown | Visited Science Guys 10453 | -8/Scraptown | Visited Curators Association 10825 | -8/Scraptown | Entered Cyclist Reading Room 11233 | -8/Scraptown | Found DCF Scrap (29 items) 11483 | -8/Scraptown | Discovered exit to Factory (range 5) 11946 | -8/Scraptown | Delivered Scrap Shield to a Scientist 13161 | -8/Scraptown | Build established: Derelict-Mutant 14104 | -8/Scraptown | Learned location of Proximity Caves (-6) 14104 | -8/Scraptown | Learned 8 Factory zone layouts 14104 | -8/Scraptown | Learned 12 Research zone layouts 14104 | -8/Scraptown | Learned 4 Storage zone layouts 14104 | -8/Scraptown | Learned 16 Lower Caves zone layouts 14104 | -8/Scraptown | Learned 20 Lower Caves zone layouts 14104 | -8/Scraptown | Learned 12 Proximity Caves zone layouts 14104 | -8/Scraptown | Learned location of 1 exit from Research 14104 | -8/Scraptown | Learned location of 1 exit from Lower Caves 14104 | -8/Scraptown | Learned location of 2 exits from Proximity Caves 14140 | -8/Scraptown | Found Deep Structural Scanner 14902 | -8/Scraptown | Scanned Subdweller tech in exchange for log data 14905 | -8/Scraptown | Learned Research emergency access door positions 14909 | -8/Scraptown | Learned location of Quarantine (-3) 14911 | -8/Scraptown | Learned Research non-interactive machine intel 14912 | -8/Scraptown | Learned Research stockpile data 14914 | -8/Scraptown | Learned Research security intel 15383 | -8/Scraptown | Build established: Mutant 16142 | -8/Scraptown | Botcube activated 16158 | -8/Scraptown | Botcube completed mutation into treaded form, armed with 2 guns. 16315 | -8/Scraptown | X0-1V1 brought Wyrm Statue to life 16315 | -8/Scraptown | Attacked by Scraptown defenders 16342 | -8/Scraptown | Allies destroyed Triborg 16360 | -8/Scraptown | Lost 3 allies 16383 | -8/Scraptown | Core integrity fell below 50% 16395 | -8/Scraptown | Identified Sfc. Transmogrifier 16396 | -8/Scraptown | Core integrity fell below 20% 16397 | -8/Scraptown | Destroyed by 6D-3O4(E) with Overtuned Barrage Gun Last Messages --------------- 16389_ Critical hit (Burn: +50). 16389_ Dropped Hpw. Tractor Beam. 16390_ EZ-BKL(j) heat damages Scrap Suit. 16390_ Dropped Mapping Drone Bay. 16390_ Dropped Cobbler Unit. 16391_ Penetrated by Bolt. 16391_ Adv. Weight Redist. System destroyed. 16392_ System corrupted: Energy discharge (-184). 16392_ Dropped Minigun. 16392_ Dropped Hvy. Battle Rifle. 16394_ Dropped Minigun. 16395_ Identified Sfc. Transmogrifier. 16395_ Penetrated by Slug. 16396_ Discarded F-cell Engine. 16396_ Dropped Hyp. Railgun. 16396_ Penetrated by Bolt. 16396_ Bolt penetrates Wall. 16397_ Dropped Vortex Trap. 16397_ Dropped Lgt. Fission Core. 16397_ X0-1V1 laughs nastily! Map ----- +----------------------------------------------------+ | #???""" """#" "?????# "#???# | | #????? #" ???????# "#???# | | #???????"""""?" ?????????########### ##???## | | ########## ##### ##########???????##### ####### | | #???????#"""" """"""" | | ! #???????#" | | #???????#" | | #???????#" | | #???????#" | | ################# #????####" | | #???????????????# #????"""" """""" | | #???????????????# #???#"""" """""" | | #?????????????? ! #???#"""" ""#### | | #????????????# =%= #???#"""" ""# | | ###########?# #???#"""" ""# | | # """#"X"X#?? ###?#"""" ""# | | # #" #### ""#"#"""" ""# " | | # #" "## """"#"""" ""# " | | # ## "## ""#######" "" | | # "## j ###?????#" "" | | # ######## #########" ""# " | | #??????# ""# " | | # #??????# ""# | | # #??""?### & ""# | | # "X"#??"""# !![ ""# | | #####"### "# *!@! ""#### | | x [![ """""" | | *[ [ """""" | | %= !%= | | = !% % | | | | #""""#" | | ! ==% = #????#" | | %= [ * #????#"""""" """"" | | ###""" %[# = ### ####????####### ##### | | ????## ## #????????#" " | | ????#" | ### #????????##"" ""# | | ????#" # ! [ #?# #?????????#]" "!# | | ????## | | # ;##?# #????????##"" ""# | | ?????# """"# ;#??# #????????#" " | | ?????# ||| ## % [ "#??# #????????##"" ""# | | ?????# """"# &= "#??# #?????????#$" "[# | | ?????# | | ## ##??# #?????????#"" ""# | | ?????# """"### ###???# #????????#" """ " | | ?????#######?#######?????# #????????#### "/" ### | | ?????????????????????????# #???????????#"###"#?? | | ??????????????############ #???????????###?###?? | | ??????????????#""""""""""" #???????######??##### | | ??????????????#""""" """"" ! #???????? ?#"""# | | ????????#######"""" " "" #????????""""" ## ""# | +----------------------------------------------------+ Best States ------------- Heat Dissipation 83 Energy Generation 28 Energy Capacity 1860 Matter Stores 1000 Matter Capacity 1000 Sight Range 18 Terrain Scan Density 10 Additional Mass Support 9 Resistance: TH 10 Resistance: EX 25 Evasion (%) 50 Recoil Reduction 2 Item Schematics ----------------- Flight Unit | -8/Recycling | Hacked Robot Schematics ------------------ None Fabricated ------------ Nothing Repaired ---------- Nothing Studied --------- None Alien Tech Used ----------------- None Achievements -------------- Low-level Research Challenges ------------ None Game ------ Seed OvertunedStructuralHammer Manual? 0 Play Time 01:26:00 Cumulative 1514.4 hours Start 2026.07.05 @ 03:47:43 End 2026.07.05 @ 14:13:17 Sessions 2 Manual Loads 0 Difficulty Rogue Special Mode None Game No. 671 Rogue 671 Adventurer 0 Explorer 0 Win Type - Total 31 Types 15/6/3/0/1/1/2/2/0/1 Lore% 93 Gallery% 87 Achievement% 75 Wizard Run 0 Options --------- Layout 0 ASCII 0 Keyboard 0 Movement Numpad Keybinds 0 Fullscreen 2 Font 24/Smallcaps Map View 76x50 Zoom Use 0% Tactical HUD 1 Map Filters NONE Filters NONE Steam 1 RUN: b2a4b738-871a-43cf-92a4-0dceb9bfed52